Map: Echo LE (Void)

Players

Bop - Winner!

  • Race: Protoss Protoss

Rodzyn

  • Race: Terran Terran

VOD

Have the link to the VOD?

Description

Time

  • Played on: May 6, 2015, 5:47 a.m.
  • Length: 10:36
Show
View Real Time Build Order
Export as new Build Order

Bop Protoss - Winner!

Build Orders:  

Get SALT Encoding   

  12  0:01  Probe  
  13  0:14  Pylon  
  13  0:17  Probe  
  14  0:32  Probe (Chrono Boost)  
  15  0:39  Gateway  
  15  0:42  Probe (Chrono Boost)  
  16  0:47  Assimilator  
  16  0:49  Probe  
  17  0:55  Pylon  
  17  1:01  Probe (Chrono Boost)  
  18  1:13  Probe (Chrono Boost)  
  19  1:22  Probe (Chrono Boost)  
  20  1:26  Cybernetics Core  
  20  1:33  Gateway  
  20  1:39  Probe  
  21  1:57  Nexus  
  21  2:04  Adept (Chrono Boost)  
  21  2:05  Warp Gate  
  23  2:20  Adept (Chrono Boost)  
  25  2:29  Adept (Chrono Boost)  
  27  2:30  Pylon  
  27  2:40  Adept  
  28  2:54  Probe (Chrono Boost)  
  29  2:59  Gateway  
  29  3:00  Twilight Council  
  29  3:06  Probe (Chrono Boost)  
  31  3:14  Probe (Chrono Boost)  
  31  3:15  Probe (Chrono Boost)  
  32  3:26  Probe (Chrono Boost)  
  34  3:31  Probe (Chrono Boost)  
  34  3:33  Pylon  
  34  3:37  Probe (Chrono Boost)  
  34  3:41  Probe (Chrono Boost)  
  36  3:43  Probe  
  37  3:51  Probe  
  38  3:55  Probe  
  38  3:57  Assimilator  
  38  3:59  Assimilator  
  37  4:06  Probe (Chrono Boost)  
  37  4:08  Probe (Chrono Boost)  
  39  4:13  Robotics Facility  
  41  4:18  Probe (Chrono Boost)  
  41  4:19  Probe (Chrono Boost)  
  41  4:21  Shield Upgrade (Chrono Boost)  
  41  4:22  Zealot  
  44  4:26  Probe (Chrono Boost)  
  44  4:27  Probe (Chrono Boost)  
  45  4:32  Probe (Chrono Boost)  
  45  4:33  Probe (Chrono Boost)  
  47  4:43  Mothership Core  
  49  4:46  Stalker x2  
  49  4:47  Stalker  
  49  4:51  Pylon  
  55  4:54  Probe  
  56  5:01  Observer  
  56  5:02  Gateway  
  56  5:04  Probe, Gateway  
  58  5:10  Stalker  
  58  5:11  Stalker  
  62  5:25  Blink (Chrono Boost)  
  62  5:26  Probe (Chrono Boost)  
  62  5:27  Assimilator  
  63  5:35  Stalker  
  66  5:36  Probe (Chrono Boost)  
  66  5:43  Probe  
  65  5:55  Forge  
  65  5:56  Forge  
  63  6:02  Adept  
  63  6:03  Adept  
  67  6:05  Probe  
  68  6:22  Nexus, Pylon  
  68  6:26  Robotics Bay  
  68  6:29  Pylon  
  68  6:34  Protoss Ground Weapons Level 1 (Chrono Boost)  
  68  6:36  Protoss Shields Level 1 (Chrono Boost)  
  68  6:40  Probe x2  
  68  6:46  Adept x2  
  68  6:47  Adept x2  
  76  6:54  Probe (Chrono Boost)  
  80  6:57  Probe (Chrono Boost)  
  80  7:02  Charge (Chrono Boost)  
  80  7:07  Pylon  
  80  7:08  Pylon  
  80  7:11  Pylon  
  80  7:25  Probe  
  80  7:26  Zealot x3  
  85  7:41  Adept x2  
  85  7:42  Probe (Chrono Boost)  
  90  7:47  Assimilator  
  90  7:48  Probe x2 (Chrono Boost), Assimilator  
  91  7:52  Probe (Chrono Boost)  
  91  7:54  Adept x3  
  91  7:58  Probe x2 (Chrono Boost), Disruptor  
  103  7:59  Probe (Chrono Boost)  
  104  8:09  Probe (Chrono Boost)  
  104  8:10  Probe x2 (Chrono Boost)  
  104  8:11  Gateway  
  107  8:13  Gateway  
  105  8:24  Zealot x4  
  113  8:30  Pylon  
  111  8:34  Templar Archives  
  111  8:40  Probe x3  
  114  8:45  Pylon  
  118  8:50  Disruptor  
  118  8:55  Disruptor  
  114  8:59  Zealot  
  116  9:07  Zealot x2  
  116  9:08  Zealot x4  
  116  9:09  Pylon  
  128  9:10  Pylon  
  128  9:24  Disruptor  
  126  9:27  Stalker  
  126  9:28  Stalker x4  
  124  9:34  Probe x2  
  124  9:37  High Templar x2  
  130  9:40  Probe  
  131  9:46  Probe  
  131  9:52  Gateway  
  132  9:54  Gateway x2, Disruptor x2  
  132  9:56  Archon  
  124  10:04  Adept x2  
  124  10:05  Adept x3  
  130  10:12  Probe  
  127  10:20  Zealot x2  
  129  10:33  Zealot x5  
Show
View Real Time Build Order
Export as new Build Order

Rodzyn Terran 

Build Orders: MMM Bio, Siege Tank Drop 

Get SALT Encoding   

  12  0:01  SCV  
  13  0:13  SCV  
  14  0:17  Supply Depot  
  14  0:25  SCV  
  15  0:39  SCV  
  16  0:45  Barracks  
  16  0:48  Refinery  
  16  0:51  SCV  
  17  1:03  SCV  
  18  1:15  SCV  
  20  1:34  Orbital Command  
  20  1:35  Reaper  
  20  1:44  Command Center  
  20  1:51  Supply Depot  
  20  2:00  SCV  
  21  2:08  Factory, Marine  
  21  2:14  SCV  
  23  2:26  SCV  
  23  2:28  Marine  
  25  2:39  Supply Depot  
  25  2:40  Supply Depot  
  25  2:41  Bunker  
  24  2:51  Marine  
  24  2:52  Widow Mine  
  24  2:54  SCV  
  24  2:55  Starport  
  28  2:59  Refinery  
  28  3:00  Orbital Command  
  28  3:08  SCV  
  28  3:09  Marine  
  30  3:20  SCV  
  30  3:21  Orbital Command  
  30  3:32  SCV  
  30  3:33  Factory Tech Lab  
  30  3:35  Medivac  
  30  3:36  Marine  
  30  3:37  Barracks  
  33  3:44  SCV  
  34  3:54  Marine  
  35  3:56  SCV  
  35  3:59  Siege Tank  
  39  4:07  Supply Depot  
  39  4:08  SCV  
  40  4:16  Marine  
  41  4:23  SCV  
  42  4:25  Barracks Tech Lab, Medivac  
  42  4:29  SCV  
  45  4:31  Barracks  
  45  4:33  Marine  
  45  4:35  SCV  
  47  4:38  Orbital Command  
  47  4:49  Stimpack, Marine  
  48  4:58  Barracks Reactor  
  48  4:59  SCV  
  49  5:01  Supply Depot  
  49  5:07  SCV, Marine  
  49  5:11  SCV  
  49  5:12  Siege Tank  
  55  5:19  SCV  
  56  5:24  SCV  
  57  5:30  Barracks Tech Lab, Barracks  
  57  5:31  SCV  
  58  5:36  SCV  
  56  5:56  Marine x4  
  60  5:57  Combat Shields  
  60  6:14  Marine x4  
  60  6:17  SCV x2  
  63  6:19  Engineering Bay  
  63  6:20  Refinery, Engineering Bay  
  63  6:21  Command Center, Refinery  
  63  6:23  Supply Depot x2  
  63  6:24  Barracks Tech Lab  
  63  6:25  Supply Depot  
  63  6:27  Supply Depot  
  63  6:28  Barracks  
  63  6:29  SCV x2, Barracks  
  65  6:39  Marine x4  
  69  6:41  SCV, Starport Reactor  
  69  6:45  SCV  
  71  6:50  Concussive Shells, Marauder  
  71  6:53  SCV  
  74  6:57  Marine x4  
  78  7:03  Cyclone  
  78  7:06  Terran Infantry Weapons Level 1, Terran Infantry Armor Level 1  
  81  7:12  Marauder  
  81  7:15  Marauder, Marine x2  
  87  7:18  Marine  
  88  7:22  Barracks Tech Lab  
  88  7:23  Barracks Tech Lab  
  88  7:27  Armory  
  88  7:32  Marine x2  
  88  7:33  Marine  
  86  7:42  Marine x2  
  86  7:43  Marauder x2  
  70  7:47  Orbital Command  
  70  7:50  Marine x2  
  70  7:51  Marauder  
  72  7:52  Medivac x2  
  72  7:55  SCV  
  77  8:01  Marauder  
  77  8:03  Siege Tank  
  82  8:06  Marauder, Marine x2  
  82  8:08  Marine x2  
  82  8:10  SCV  
  82  8:11  SCV  
  82  8:12  Marauder  
  92  8:19  Orbital Command  
  92  8:22  Marauder  
  92  8:25  SCV  
  92  8:26  Marauder, Marine x2  
  98  8:32  Medivac x2  
  101  8:42  SCV x2  
  101  8:45  SCV  
  104  8:52  Refinery  
  104  8:53  Refinery  
  104  8:54  SCV x2  
  102  8:57  SCV  
  102  8:58  Marine x5  
  102  8:59  Siege Tank, Marauder x2  
  115  9:06  SCV x2  
  117  9:13  SCV  
  117  9:16  Marine x3  
  115  9:31  Marauder, Marine x3  
  90  9:33  Marine  
  90  9:34  Marine x2  
  90  9:35  Siege Tank  
  90  9:37  SCV  
  98  9:38  Supply Depot  
  98  9:39  Supply Depot  
  96  9:46  Medivac  
  96  9:48  Marine  
  96  9:49  Marine x2  
  96  9:51  Marine x2  
  96  9:52  Marine, Marauder  
  98  10:06  Marine x2  
  77  10:09  Marine x2  
  77  10:10  Marine  
  77  10:13  Marauder  
Tags
 
Add a new tag
Caveats
  • Supply blocks, unpowered buildings, or Contaminate may cause inaccurate times.
  • Supply counts are checked every 10 seconds.